 Dungeon Crawl Stone Soup version 0.24-a0-417-g1cce26a4d2 (webtiles) character file.

Game seed: 13806304800903440329

7010 Amnesiac the Martial Artist (level 11, -7/72 HPs)
             Began as an Octopode Transmuter on June 10, 2019.
             Was an Initiate of Gozag.
             Killed from afar by a molten gargoyle (32 damage)
             ... with a bolt of magma
             ... on level 9 of the Dungeon.
             The game lasted 00:16:29 (9696 turns).

Amnesiac the Martial Artist (Octopode Transmuter)   Turns: 9696, Time: 00:16:31

Health: -7/72      AC:  2    Str: 13    XL:     11   Next: 8%
Magic:  16/19      EV: 26    Int: 15    God:    Gozag
Gold:   1244       SH:  0    Dex: 21    Spells: 10/21 levels left

rFire    . . .     SeeInvis .     - Unarmed
rCold    . . .     Gourm    .   (shield currently unavailable)
rNeg     . . .     Faith    .   (helmet currently unavailable)
rPois    x         Spirit   .   v - amulet of harm
rElec    .         Reflect  .   r - ring of protection from magic
rCorr    .         Harm     +   l - +3 ring of strength
MR       +....                  (no ring)
Stlth    ++++......             (no ring)
HPRegen  0.22/turn              (no ring)
MPRegen  0.16/turn              (no ring)
                                (no ring)
                                (no ring)

@: spider-form
A: tiny, almost no armour, stealthy swim, (amphibious), 8 rings, (constrict 8)
a: End Transformation, Potion Petition, Call Merchant, Bribe Branch, Renounce
Religion


You were on level 9 of the Dungeon.
You worshipped Gozag.
Gozag was most pleased with you.
You were not hungry.
You were a venomous arachnid creature.
You visited 2 branches of the dungeon, and saw 10 of its levels.

You collected 1302 gold pieces.
You paid 58 gold pieces to Gozag.

Inventory:

Missiles
 a - 221 arrows
 b - 3 throwing nets (quivered)
 y - 19 poisoned darts
Armour
 u - a +2 hat (melded)
Jewellery
 l - a +3 ring of strength (right front leg)
 r - a ring of protection from magic (left front leg)
 v - an amulet of harm (around neck)
Wands
 x - a wand of iceblast (5)
Scrolls
 d - 4 scrolls of enchant armour {!r}
 f - 4 scrolls of teleportation {!r}
 g - 2 scrolls of magic mapping {!r}
 h - 3 scrolls of remove curse {!r}
 i - 3 scrolls of amnesia {!r}
 j - a scroll of random uselessness {!r, unknown}
 w - 3 scrolls of identify {!r}
Potions
 e - a potion of invisibility {!q, unknown}
 k - 3 potions of might {!q, unknown}
 m - 2 potions of heal wounds {!q}
 n - a potion of mutation {!q}
 o - 12 potions of curing {!q}
 p - a potion of haste {!q, unknown}
 q - a potion of lignification {!q}
 s - a potion of berserk rage {!q}
 t - a potion of agility {!q}
 z - a potion of cancellation {!q, unknown}
Comestibles
 c - 13 rations


   Skills:
 + Level 6.0 Fighting
 + Level 6.0 Dodging
 - Level 8.0 Stealth
 * Level 9.0 Unarmed Combat
 + Level 5.5 Spellcasting
 * Level 8.9 Transmutations


You had 10 spell levels left.
You knew the following spells:

 Your Spells              Type           Power        Failure   Level  Hunger
a - Sticks to Snakes      Tmut           ####....     3%          2    #......
b - Passwall              Tmut/Erth      ###.....     12%         2    #......
c - Petrify               Tmut/Erth      ###.....     45%         4    ####...
e - Spider Form           Tmut/Pois      ###.......   21%         3    ###....

Your spell library contained the following spells:

 Spells                   Type           Power        Failure   Level  Hunger
 Beastly Appendage        Tmut           ####..       3%          1    None
 Blade Hands              Tmut           ####......   26%         5    ######.
 Flame Tongue             Conj/Fire      #....        34%         1    None
 Sandblast                Erth           #.....       34%         1    None
 Throw Flame              Conj/Fire      #.....       45%         2    #......
 Ice Form                 Ice/Tmut       ###.....     45%         4    ####...
 Conjure Flame            Conj/Fire      #.......     65%         3    ###....
 Inner Flame              Hex/Fire       #.......     65%         3    ###....
 Stone Arrow              Conj/Erth      #.....       65%         3    ###....
 Sticky Flame             Conj/Fire      #.......     94%         4    ####...
 Fireball                 Conj/Fire      #.........   100%        5    ######.
 Lee's Rapid Deconstruct  Erth           #.........   100%        5    ######.


Dungeon Overview and Level Annotations

Branches:
Dungeon (9/15)             Temple (1/1) D:5            Lair (0/6) D:8
    Orc: D:9-12

Altars:
Ashenzari
Cheibriados
Dithmenos
Elyvilon
Fedhas
Gozag
Hepliaklqana
Kikubaaqudgha
Makhleb
Nemelex Xobeh
Okawaru
Qazlal
Ru
Sif Muna
Trog
Uskayaw
Vehumet
Wu Jian
Xom
Yredelemnul
Zin
The Shining One

Shops:
D:7 [

Annotations:
D:9 Pikel


Innate Abilities, Weirdness & Mutations

You cannot wear most types of armour.
You are very stealthy in the water. (Stealth+)
((You are amphibious.))
You can wear up to eight rings at the same time.
((You can use your tentacles to constrict eight enemies at once.))
((Your skin changes colour to match your surroundings (Stealth+).))
((Your rubbery body absorbs attacks. (AC +1, EV +1)))


Message History

You kill the slave!
That felt strangely unrewarding.
You closely miss the slave. You grab the slave.
You constrict the slave, but do no damage.
The slave closely misses you.
You tentacle-slap the slave.
The slave is lightly wounded.
You constrict the slave. The slave hits you.
You bludgeon the slave!
You squeeze the slave, but do no damage.
The slave is heavily wounded.
You constrict the slave. The slave hits you.
You tentacle-slap the slave but do no damage.
You tentacle-slap the slave.
The slave is heavily wounded.
You constrict the slave. You tentacle-slap the slave.
The slave is severely wounded.
You constrict the slave. The slave hits you.
You tentacle-slap the slave but do no damage.
You squeeze the slave, but do no damage.
The slave is almost dead.
You constrict the slave. The slave hits you.
You tentacle-slap the slave.
You kill the slave!
That felt strangely unrewarding.
You start resting.
A molten gargoyle comes into view. It is wielding a +0 mace.
There is an open door here.
You start resting.
HP restored.
Put on which piece of jewellery? (? for menu, Esc to quit)
Okay, then.
A molten gargoyle comes into view. It is wielding a +0 mace.
Press: ? - help, v - describe, . - travel
Here: a molten gargoyle, wielding a +0 mace (lava, hasn't noticed you) Some lava.
Unknown command.
Put on which piece of jewellery? (? for menu, Esc to quit)
Okay, then.
A molten gargoyle and Pikel come into view.
Pikel is wielding a +2 whip of freezing.
Pikel shouts!
Pikel zaps a wand.
The bolt of acid misses you.
The molten gargoyle moves out of view.
The molten gargoyle blasts magma at you!
The bolt of magma misses you.
The molten gargoyle blasts magma at you!
The bolt of magma hits you!!
There is an open door here.
You close the door.
Casting: Spider Form (safe; 8% risk of failure)
Confirm with . or Enter, or press ? or * to list all spells.
You turn into a venomous arachnid creature.
A molten gargoyle opens the door.
The molten gargoyle blasts magma at you!
The bolt of magma hits you!!
* * * LOW HITPOINT WARNING * * *
Really quaff
m - 3 potions of heal wounds {!q}?
You feel much better.
The molten gargoyle blasts magma at you!
The bolt of magma hits you!!
You die...
Your body crumbles into a pile of gold.

#####+#####
#....<....#
#.).......#
#...).....#
#..).s....#
#.........#
$
#.........#
+.........#
#....9....#
#####K#####
#.# #9##
#..#


You could see Pikel and 2 molten gargoyles.

Vanquished Creatures
  5 death yaks (D:8)
  Grinder (D:3)
  A hippogriff (D:7)
  Sigmund (D:3)
  A human (D:8)
  3 yaks (D:8)
  4 hogs (D:8)
  4 slaves (D:9)
  An ice beast (D:6)
  A sky beast (D:8)
  4 ogres
  2 centaurs
  A big kobold (D:8)
  2 bullfrogs
  4 scorpions
  4 killer bees (D:7)
  3 wights (D:7)
  3 howler monkeys (D:7)
  3 crimson imps (D:5)
  A jelly (D:8)
  4 orc wizards
  2 orc priests
  A bullfrog skeleton (D:5)
  2 hounds (D:4)
  Jessica (D:3)
  A centaur skeleton (D:8)
  An iguana (D:8)
  4 worker ants
  A howler monkey skeleton (D:4)
  A gnoll (D:1)
  8 adders
  A shadow imp (D:7)
  2 oozes
  2 adder zombies
  3 worms (D:2)
  2 dart slugs
  4 leopard geckos
  29 orcs
  A giant cockroach (D:5)
  7 goblins
  4 hobgoblins (D:2)
  17 jackals
  7 bats (D:1)
  2 frilled lizards (D:2)
  12 kobolds
  6 rats
174 creatures vanquished.

Vanquished Creatures (others)
  A giant cockroach (D:8)
  A fungus (D:8)
2 creatures vanquished.

Grand Total: 176 creatures vanquished

Notes
Turn   | Place    | Note
-------+----------+-------------------------------------------
     0 | D:1      | Amnesiac the Octopode Transmuter began the quest for the
                  | Orb.
     0 | D:1      | Reached XP level 1. HP: 13/13 MP: 3/3
   121 | D:1      | Reached XP level 2. HP: 19/19 MP: 5/5
   134 | D:1      | Learned a level 2 spell: Sticks to Snakes
   530 | D:1      | Reached XP level 3. HP: 22/24 MP: 6/6
   537 | D:1      | Learned a level 3 spell: Spider Form
   577 | D:2      | Noticed a scorpion
   608 | D:2      | Killed a scorpion
   608 | D:2      | Reached skill level 1 in Stealth
   608 | D:2      | Reached XP level 4. HP: 10/29 MP: 3/7
   844 | D:3      | Noticed a centaur
   871 | D:3      | Killed a centaur
   871 | D:3      | Reached XP level 5. HP: 25/35 MP: 4/8
   906 | D:3      | Noticed Sigmund
  1356 | D:3      | Killed Sigmund
  1356 | D:3      | Reached skill level 4 in Unarmed Combat
  1356 | D:3      | Reached XP level 6. HP: 34/41 MP: 1/9
  1422 | D:3      | Noticed Grinder
  1423 | D:3      | Noticed Jessica
  1463 | D:3      | Paralysed by Grinder for 4 turns
  1799 | D:3      | Killed Grinder
  1799 | D:3      | Reached XP level 7. HP: 25/46 MP: 7/11
  1802 | D:3      | Killed Jessica
  2154 | D:4      | Found a sparkling altar of Nemelex Xobeh.
  2517 | D:4      | Reached skill level 5 in Unarmed Combat
  2517 | D:4      | Reached skill level 5 in Transmutations
  2603 | D:4      | Found an ancient bone altar of Kikubaaqudgha.
  2604 | D:4      | Found an opulent altar of Gozag.
  2611 | D:4      | Became a worshipper of Gozag Ym Sagoz the Greedy
  4015 | D:4      | Reached XP level 8. HP: 42/52 MP: 12/12
  4111 | D:5      | Entered Level 5 of the Dungeon
  4117 | D:5      | Found a hide-covered altar of Uskayaw.
  4440 | D:5      | Found a staircase to the Ecumenical Temple.
  4453 | Temple   | Entered the Ecumenical Temple
  5116 | D:6      | Learned a level 2 spell: Passwall
  5121 | D:6      | Learned a level 4 spell: Petrify
  5243 | D:6      | Found a sacrificial altar of Ru.
  5508 | D:6      | Reached skill level 6 in Unarmed Combat
  5534 | D:6      | Found a white marble altar of Elyvilon.
  5917 | D:7      | Found a stormy altar of Qazlal.
  5937 | D:7      | Reached skill level 5 in Stealth
  5937 | D:7      | Reached XP level 9. HP: 44/58 MP: 14/14
  6319 | D:7      | Found Josaikuro's Armour Emporium.
  7135 | D:8      | Found a staircase to the Lair.
  7135 | D:8      | Noticed a death yak
  7135 | D:8      | Noticed a death yak
  7192 | D:8      | Killed a death yak
  7192 | D:8      | Reached skill level 7 in Unarmed Combat
  7409 | D:8      | Noticed a death yak
  7514 | D:8      | Reached XP level 10. HP: 44/65 MP: 13/16
  7520 | D:8      | Reached skill level 5 in Fighting
  7520 | D:8      | Reached skill level 5 in Dodging
  7838 | D:8      | Noticed a death yak
  7840 | D:8      | Noticed a death yak
  7896 | D:8      | Killed a death yak
  7896 | D:8      | Reached skill level 8 in Unarmed Combat
  7896 | D:8      | Reached skill level 5 in Spellcasting
  8147 | D:8      | Killed a death yak
  8389 | D:8      | Found a blossoming altar of Fedhas.
  8795 | D:8      | Killed a death yak
  9124 | D:8      | Found a staircase to the Lair.
  9202 | D:8      | Killed a death yak
  9202 | D:8      | Reached skill level 9 in Unarmed Combat
  9202 | D:8      | Reached XP level 11. HP: 27/72 MP: 19/19
  9362 | D:8      | Found a blossoming altar of Fedhas.
  9680 | D:9      | Noticed Pikel
  9696 | D:9      | Killed from afar by a molten gargoyle

Levels and vault maps discovered:
D:1:      kennysheep_arrival_forest, layout_basic
D:2:      layout_basic
D:3:      layout_rooms, uniq_sigmund, uniq_jessica, uniq_grinder
D:4:      layout_gridville, overflow_temple_1_default,
          chequers_temple_overflow_statue_of_worship
D:5:      layout_rooms, eat_drink_and_be_merry_uskayaw,
          minmay_temple_entry_water_ring, first_ration
D:6:      layout_loops_ring, hangedman_ru_absence, elyvilon_altar_3
D:7:      layout_basic, grunt_qazlal_sundering, serial_shops,
          nicolae_shop_behind_doors
D:8:      layout_loops_ring, dpeg_lair_monsters, grunt_livestock,
          supply_closet_lemuel, fedhas_altar_3
D:9:      layout_roguey, minivault_8, uniq_pikel
Temple:   regret_index_temple_waves

Skill      XL: |  1  2  3  4  5  6  7  8  9 10 |
---------------+-------------------------------+-----
Fighting       | 2 3 4 6 |  6.0
Transmutations | 3 4 5 6 7 8 |  8.9
Stealth        | 1 2 3 5 6 8 |  8.0
Unarmed Combat | 4 5 6 7 9 |  9.0
Dodging        | 3 4 6 |  6.0
Spellcasting   | 3 4 5 |  5.5

Action                   |  1- 3 |  4- 6 |  7- 9 | 10-12 || total
-------------------------+-------+-------+-------+-------++-------
Melee: Unarmed           |    45 |    71 |   317 |   110 ||   543
       Constrict         |     9 |    12 |    58 |    10 ||    89
       Tentacles         |     5 |     8 |    54 |    12 ||    79
       Punch             |       |       |    14 |     4 ||    18
 Cast: Spider Form       |     1 |     4 |    10 |    15 ||    30
       Sticks to Snakes  |     1 |       |     1 |       ||     2
       Passwall          |       |       |       |     1 ||     1
  Use: Potion            |       |     3 |       |     1 ||     4
       Scroll            |       |     2 |    11 |       ||    13
 Stab: Sleeping          |     6 |     1 |    16 |     1 ||    24
       Distracted        |       |       |     1 |       ||     1
  Eat: Chunk             |       |     4 |     2 |       ||     6
       Ration            |       |       |     6 |     2 ||     8
Armor: Skin              |     3 |     5 |    20 |     3 ||    31
Dodge: Dodged            |    25 |    58 |   233 |    59 ||   375

Table legend:
 A = Non-vault XP
 B = Vault XP
 C = Vault XP percentage of total XP
 D = Non-vault monster count
 E = Vault monster count
 F = Vault count percentage of total count
                 A         B        C        D         E       F
            +---------+---------+-------+---------+---------+-------
      Total |    3481 |    6534 |  65.2 |     153 |      16 |   9.5
            +---------+---------+-------+---------+---------+-------
        D:1 |      52 |       0 |   0.0 |      23 |       0 |   0.0
        D:2 |     172 |       0 |   0.0 |      26 |       0 |   0.0
        D:3 |     162 |     554 |  77.4 |      18 |       3 |  14.3
        D:4 |     261 |       0 |   0.0 |      10 |       0 |   0.0
        D:5 |     647 |       0 |   0.0 |      21 |       0 |   0.0
        D:6 |     232 |       0 |   0.0 |      10 |       0 |   0.0
        D:7 |    1062 |       0 |   0.0 |      20 |       0 |   0.0
        D:8 |     775 |    5980 |  88.5 |      21 |      13 |  38.2
        D:9 |     118 |       0 |   0.0 |       4 |       0 |   0.0
            +---------+---------+-------+---------+---------+-------
